 Dungeon Crawl Stone Soup version 0.32-a0-17-gb74e046682 (webtiles) character file.

Game seed: 5501326080263391688

2258 SmokeWeed the Covert (level 9, -2/53 HPs)
             Began as an Octopode Conjurer on Jan 15, 2024.
             Was an Initiate of Sif Muna.
             Slain by a killer bee (10 damage)
             ... on level 8 of the Dungeon.
             The game lasted 00:27:04 (7379 turns).

SmokeWeed the Covert (Octopode Conjurer)            Turns: 7379, Time: 00:27:05

Health: -2/53      AC:  1    Str:  8    XL:     9   Next: 38%
Magic:  13/16      EV: 14    Int: 27    God:    Sif Muna [......]
Gold:   344        SH:  0    Dex: 12    Spells: 14/17 levels left

rFire   . . .        r - staff of conjuration
rCold   . . .        s - orb {*channel}
rNeg    . . .        (helmet restricted)
rPois   .            (no amulet)
rElec   .            c - ring of see invisible
rCorr   .            k - ring of wizardry
SInv    +            q - +6 ring of intelligence
Will    .....        (no ring)
Stlth   +++++        (no ring)
HPRegen 0.28/turn    (no ring)
MPRegen 0.15/turn    (no ring)
                     (no ring)

%: wizardry (x1), channel magic (20%)
@: no status effects
A: almost no armour, amphibious, 8 rings, camouflage 1, gelatinous body 1,
(nimble swimmer 1), tentacles
a: Renounce Religion


You were on level 8 of the Dungeon.
You worshipped Sif Muna.
Sif Muna was noncommittal.
You visited 2 branches of the dungeon, and saw 9 of its levels.

You collected 344 gold pieces.

Inventory:

Hand Weapons
 j - a +2 dagger of holy wrath
 B - a +4 dagger
Missiles
 a - 3 boomerangs
 b - 16 poisoned darts
 e - 4 curare-tipped darts
Armour
 s - an orb of energy (worn)
Magical Staves
 r - a staff of conjuration (weapon)
Jewellery
 c - a ring of see invisible (left tentacle)
 f - a ring of ice
 k - a ring of wizardry (right tentacle)
 q - a +6 ring of intelligence (on tentacle)
Talismans
 p - a serpent talisman
 z - a maw talisman
Wands
 v - a wand of mindburst (7)
 y - a wand of iceblast (5)
Scrolls
 h - a scroll of enchant weapon
 m - a scroll of identify
 o - 4 scrolls of amnesia
 w - a scroll of immolation
 A - a scroll of poison
Potions
 d - a potion of mutation {unknown}
 g - 2 potions of haste
 i - 2 potions of cancellation
 l - a potion of lignification
 n - a potion of curing
 u - 2 potions of degeneration {unknown}
 x - a potion of brilliance {unknown}


   Skills:
 + Level 1.3 Fighting
 + Level 2.1 Short Blades
 * Level 3.5 Staves
 + Level 0.7 Throwing
 * Level 5.0 Dodging
 + Level 8.0 Stealth
 + Level 4.9 Spellcasting
 + Level 7.0 Conjurations
 * Level 3.9 Evocations


You had 14 spell levels left.
You knew the following spells:

 Your Spells              Type           Power      Damage    Failure   Level
a - Magic Dart            Conj           100%       1d8       1%          1
b - Searing Ray           Conj           100%       2d8       1%          2

Your spell library contained the following spells:

 Spells                   Type           Power      Damage    Failure   Level
 Fulminant Prism          Conj/Alch      19%        3d11      16%         4
 Iskenderun's Mystic Bla  Conj/Tloc      38%        2d9       16%         4


Dungeon Overview and Level Annotations

Branches:
Dungeon (8/15)             Temple (1/1) D:7
   Lair: D:8-11

Altars:
Ashenzari
Cheibriados
Dithmenos
Elyvilon
Fedhas
Gozag
Hepliaklqana
Kikubaaqudgha
Makhleb
Nemelex Xobeh
Okawaru
Qazlal
Ru
Sif Muna
Trog
Uskayaw
Vehumet
Wu Jian
Xom
Yredelemnul
Zin
The Shining One

Shops:
D:3 !


Innate Abilities, Weirdness & Mutations

You cannot wear most types of armour.
You are amphibious.
You can wear up to eight rings at the same time.
Your skin changes colour to match your surroundings (Stealth+).
Your rubbery body absorbs attacks. (AC +1, EV +1)
((You are camouflaged when in or above water. (Stealth+)))
You have tentacles for arms and can constrict up to eight enemies at once.


Message History

Press: ? - help, Q - select action, (/) - cycle Shift-Dir - straight line, f - killer bee
Aim: a killer bee (65% to hit)
You feel a surge of power!
The searing ray hits the killer bee.
The killer bee is moderately wounded.
The searing ray misses the killer bee. (Press . to maintain the ray.)
The killer bee closely misses you. The killer bee stings you.
A killer bee comes into view.
The searing ray hits the killer bee.
The killer bee is severely wounded.
The searing ray hits the killer bee.
The killer bee is moderately wounded.
The killer bee misses you. x2; The killer bee barely misses you.
The killer bee stings you!
You are poisoned.
The killer bee poisons you!
The searing ray hits the killer bee!
You kill the killer bee!
Sif Muna accepts your kill.
The searing ray misses the killer bee.
The searing ray hits the killer bee.
The killer bee is moderately wounded.
You feel sick. The killer bee stings you! The killer bee closely misses you.
The killer bee stings you.
You are more poisoned.
The killer bee poisons you!
As you read the scroll of fog, it dissolves into smoke.
You feel very sick. The killer bee misses you.
The killer bee barely misses you. The killer bee closely misses you. x2
You feel sick.
The killer bee attacks as it pursues you!
The killer bee misses you.
It was a potion of curing.
You feel better. The killer bee stings you. The killer bee stings you!
* * * LOW HITPOINT WARNING * * *
The killer bee closely misses you.
Okay, then.
The killer bee attacks as it pursues you!
The killer bee misses you. The killer bee stings you!
You die...

.... .### ........
..> .). +###....#
......#§# #.§§y#
####### #.§#§#
#.....# #.#.§yy#
###.#.# #...§§@#
#.#.# .....§#§#
#.#.##########§###.#
#.)............(...#
#.############.#####
#......# #.#
#.....## ### #.....#
#.....#


You could see 2 killer bees.

Vanquished Creatures
  Maggie (D:6)
  Jeremiah (D:8)
  An ice beast (D:7)
  2 black bears
  4 ogres
  An orc warrior (D:6)
  A centaur (D:4)
  A phantom (D:4)
  A kobold brigand (D:7)
  A bullfrog (D:7)
  2 scorpions (D:6)
  A killer bee (D:8)
  A bombardier beetle (D:5)
  2 jellies
  3 hounds
  3 orc priests
  An iguana (D:3)
  Natasha (D:2)
  3 orc wizards
  2 adders (D:3)
  A white imp (D:5)
  2 ufetubi (D:5)
  2 dart slugs
  2 ribbon worms
  15 orcs
  5 bats
  5 endoplasms
  2 giant cockroaches
  7 goblins
  2 hobgoblins
  14 kobolds
  2 quokkas
  5 ball pythons
  4 frilled lizards
  3 rats
104 creatures vanquished.

Notes
Turn   | Place    | Note
-------+----------+-------------------------------------------
     0 | D:1      | SmokeWeed the Octopode Conjurer began the quest for the
                  | Orb.
     0 | D:1      | Reached XP level 1. HP: 11/11 MP: 3/3
   358 | D:1      | Reached XP level 2. HP: 17/17 MP: 1/5
   641 | D:1      | Found a faded altar of an unknown god.
  1236 | D:2      | Reached XP level 3. HP: 16/21 MP: 3/6
  1421 | D:2      | Noticed Natasha
  1425 | D:2      | Killed Natasha
  1426 | D:2      | Reached skill level 5 in Conjurations
  1496 | D:2      | Learned a level 2 spell: Searing Ray
  1606 | D:2      | Reached XP level 4. HP: 27/27 MP: 7/7
  1940 | D:2      | Reached skill level 3 in Stealth
  2259 | D:3      | Found a hazy altar of Hepliaklqana.
  2970 | D:3      | Found Gajac's Distillery.
  3038 | D:3      | Found an ornate altar of the Wu Jian Council.
  3072 | D:3      | Reached XP level 5. HP: 7/31 MP: 0/8
  3330 | D:4      | Noticed a black bear
  3349 | D:4      | Reached skill level 1 in Short Blades
  3349 | D:4      | Noticed an ogre
  3351 | D:4      | Noticed a phantom
  3365 | D:4      | Killed an ogre
  3366 | D:4      | Reached skill level 4 in Stealth
  3366 | D:4      | Reached XP level 6. HP: 36/37 MP: 2/10
  4043 | D:4      | Killed a black bear
  4338 | D:4      | Reached skill level 5 in Stealth
  4338 | D:4      | Reached XP level 7. HP: 42/42 MP: 6/12
  4402 | D:4      | Reached skill level 1 in Evocations
  4507 | D:5      | Entered Level 5 of the Dungeon
  4772 | D:5      | Reached skill level 6 in Stealth
  4821 | D:5      | Found a bloodstained altar of Trog.
  4844 | D:5      | Found a shadowy altar of Dithmenos.
  4848 | D:5      | Found a broken altar of Ashenzari.
  4850 | D:5      | Found a hide-covered altar of Uskayaw.
  4857 | D:5      | Found a sparkling altar of Nemelex Xobeh.
  5193 | D:6      | Reached XP level 8. HP: 42/47 MP: 7/13
  5270 | D:6      | Noticed Maggie
  5285 | D:6      | Reached skill level 1 in Fighting
  5285 | D:6      | Reached skill level 1 in Staves
  5292 | D:6      | Killed Maggie
  5293 | D:6      | Reached skill level 7 in Stealth
  5417 | D:6      | Found a snail-covered altar of Cheibriados.
  6439 | D:7      | Reached XP level 9. HP: 53/53 MP: 12/15
  7065 | D:7      | Found a staircase to the Ecumenical Temple.
  7071 | Temple   | Entered the Ecumenical Temple
  7191 | Temple   | Became a worshipper of Sif Muna the Loreminder
  7367 | D:8      | Noticed Jeremiah
  7371 | D:8      | Killed Jeremiah
  7372 | D:8      | Reached skill level 5 in Dodging
  7372 | D:8      | Reached skill level 8 in Stealth
  7379 | D:8      | Slain by a killer bee

Illustrated notes

Levels and vault maps discovered:
D:1:      ebering_trefoil_3fold, layout_loops_corners,
          ebering_ecumenical_altar_webs, chequers_serial_rivers_marsh
D:2:      layout_basic, roderic_lattice_a, nicolae_the_louvre, uniq_natasha
D:3:      layout_loops_ring, mainiacjoe_overflow_alcove_4,
          mainiacjoe_overflow_brackets, serial_shops, shop,
          corexii_hall_statues_l, minmay_hedge_maze
D:4:      layout_rooms
D:5:      layout_rooms, nicolae_overflow_hallway_of_the_gods
D:6:      layout_gridville, cheibrodos_worm_habitat, uniq_maggie
D:7:      layout_cave_pools, minmay_temple_entry_fiery
D:8:      layout_basic, nicolae_elevator_lobby_plus, uniq_jeremiah
Temple:   nicolae_temple_bog_church

Skill      XL: |  1  2  3  4  5  6  7  8  9 |
---------------+----------------------------+-----
Conjurations   | 5 6 7 |  7.0
Stealth        | 3 4 5 6 7 8 |  8.0
Short Blades   | 1 2 |  2.1
Dodging        | 3 4 5 |  5.0
Spellcasting   | 3 4 |  4.9
Evocations     | 2 3 |  3.9
Fighting       | 1 |  1.3
Staves         | 2 3 |  3.5
Throwing       | |  0.7

Action                     |  1- 3 |  4- 6 |  7- 9 || total
---------------------------+-------+-------+-------++-------
  Melee: Short sword       |    17 |     3 |       ||    20
         Constrict         |     3 |     1 |     6 ||    10
         Tentacles         |     1 |     1 |     4 ||     6
         Dagger            |       |     5 |       ||     5
         Staff             |       |       |    10 ||    10
  Throw: Dart              |       |     3 |       ||     3
   Cast: Magic Dart        |    41 |    50 |    10 ||   101
         Searing Ray       |       |     5 |    39 ||    44
  Evoke: Wand              |       |       |     4 ||     4
    Use: Scroll            |     2 |     4 |     8 ||    14
         Potion            |       |       |     4 ||     4
   Stab: Sleeping          |     2 |     4 |       ||     6
 Armour: Skin              |    13 |     8 |    29 ||    50
  Dodge: Dodged            |    10 |    13 |    45 ||    68
         Form:             |       |     2 |       ||     2
         Serpent           |       |     2 |       ||     2

Table legend: (Time is in decaauts)
 A = Elapsed time spent in this place.
 B = Non-inter-level travel time spent in this place.
 C = Inter-level travel time spent in this place.
 D = Time resting spent in this place.
 E = Time spent auto-exploring this place.
 F = Levels seen in this place.
 G = Mean time per level.
                   A        B        C        D        E       F      G
               +--------+--------+--------+--------+--------+-----+--------+
         Total |   7367 |   7259 |    108 |    848 |   4854 |   9 |  818.6 |
       Dungeon |   7221 |   7113 |    108 |    848 |   4854 |   8 |  902.6 |
        Temple |    146 |    146 |      0 |      0 |      0 |   1 |  146.0 |
               +--------+--------+--------+--------+--------+-----+--------+

Top non-repeatable levels by time:
     D:6: 1317 daAuts
     D:3: 1279 daAuts
     D:2: 1103 daAuts
     D:1: 1092 daAuts
     D:4: 1036 daAuts
     D:7: 735 daAuts
     D:5: 593 daAuts
  Temple: 146 daAuts
     D:8: 63 daAuts
